 Dungeon Crawl Stone Soup version 0.31.0-11-ge490571c62 (webtiles) character file.

Game seed: 10507849859119743253

79 qw the Shooter (level 4, -1/25 HPs)
             Began as a Deep Elf Hunter on Feb 4, 2024.
             Killed from afar by an orc wizard (6 damage)
             ... with a magic dart
             ... on level 2 of the Dungeon.
             The game lasted 00:00:06 (1991 turns).

qw the Shooter (Deep Elf Hunter)                    Turns: 1991, Time: 00:00:07

Health: -1/25      AC:  6    Str: 10    XL:     4   Next: 16%
Magic:  6/6        EV: 11    Int: 14    God:
Gold:   147        SH:  0    Dex: 24    Spells: 3/3 levels left

rFire   . . .        a - +0 shortbow
rCold   . . .        (shield currently unavailable)
rNeg    . . .        b - +0 ring mail
rPois   .            j - +1 hat
rElec   .            (no cloak)
rCorr   .            (no gloves)
SInv    .            (no boots)
Will    .....        (no amulet)
Stlth   ++           f - +6 ring of dexterity
HPRegen 0.24/turn    (no ring)
MPRegen 0.10/turn

%: no passive effects
@: no status effects
A: no striking features
a: no special abilities


You were on level 2 of the Dungeon.
You visited 1 branch of the dungeon, and saw 3 of its levels.

You collected 147 gold pieces.


   Skills:
 - Level 1.5 Fighting
 + Level 7.6 Ranged Weapons
 - Level 2.4 Dodging
 - Level 1.2 Stealth


You had 3 spell levels left.
You didn't know any spells.
Your spell library was empty.

Inventory:

Hand Weapons
 a - a +0 shortbow (weapon)
Armour
 b - a +0 ring mail (worn)
 j - a +1 hat (worn)
Jewellery
 c - a ring of resist corrosion
 d - a ring of fire
 f - a +6 ring of dexterity (left hand)
Potions
 g - a potion of haste
 i - a potion of curing
 m - a potion of mutation

Dungeon Overview and Level Annotations

Branches:
Dungeon (3/15)

Altars:
Sif Muna


Message History

The puff of flame hits you.
You shoot an arrow.
You hear some strange, mumbled words.
A magic dart appears from out of thin air!
The magic dart hits you.
You shoot an arrow. Something hits you but does no damage.
You shoot an arrow. Something hits you.
You shoot an arrow. Something hits you.
You shoot an arrow. Something hits you.
You shoot an arrow.
Something hits you but does no damage. x2
You shoot an arrow. Something hits you but does no damage.
You shoot an arrow. Something hits you.
You shoot an arrow. Something hits you but does no damage.
You shoot an arrow.
You hear some strange, mumbled words.
You are confused.
You shoot an arrow. Something hits you but does no damage.
You shoot an arrow.
Something hits you but does no damage. x2
You shoot an arrow. Something hits you but does no damage.
You shoot an arrow. Something hits you but does no damage.
You shoot an arrow.
You feel less confused. Something hits you.
You shoot an arrow.
You hear some strange, mumbled words.
A magic dart appears from out of thin air!
The magic dart hits you.
You die...

##...#####.#.#####.####
#.....####.....# #.#
#..............# #.##
#...######.....# #..#
##.## #.....# ##.# #.#
#.....# #.# #.# #######
#.# #.# ####### #.# #.#
#@....# #.# #.# #{###.#
#.# #.###.# #.# #.#
#.....# #.########.#
####### #..........#
############


There were no monsters in sight!

Vanquished Creatures
  An orc wizard (D:3)
  An adder (D:2)
  4 dart slugs
  5 orcs (D:3)
  4 bats
  2 endoplasms
  A giant cockroach (D:1)
  2 hobgoblins
  5 ball pythons
  A frilled lizard (D:1)
  2 goblins (D:1)
  3 kobolds
  3 rats (D:1)
34 creatures vanquished.

Notes
Turn   | Place    | Note
-------+----------+-------------------------------------------
     0 | D:1      | qw the Deep Elf Hunter began the quest for the Orb.
     0 | D:1      | Reached XP level 1. HP: 12/12 MP: 3/3
     0 | D:1      | 0 ||| qw: Version: 0.3-a-160-g6735b56
     0 | D:1      | 0 ||| qw: Game counter: 4937
     0 | D:1      | 0 ||| qw: Melee chars always use a shield: true
     0 | D:1      | 0 ||| qw: God list: Okawaru
     0 | D:1      | 0 ||| qw: Allow faded altars: false
     0 | D:1      | 0 ||| qw: Do Orc after clearing Dungeon:15 true
     0 | D:1      | 0 ||| qw: Do second Lair branch before Depths: true
     0 | D:1      | 0 ||| qw: Lair rune preference: random
     0 | D:1      | 0 ||| qw: Goals: Normal
     0 | D:1      | 0 ||| PLANNING D:1-11
   322 | D:1      | Reached XP level 2. HP: 16/16 MP: 4/4
   335 | D:1      | Reached skill level 6 in Ranged Weapons
   978 | D:1      | 978 ||| UPGRADING to +1 hat.
   983 | D:1      | 983 ||| UPGRADING to +6 ring of dexterity.
   984 | D:1      | 984 ||| READING scroll labelled ZODA TEITIFO.
   985 | D:1      | 985 ||| READING scroll labelled NYOBIE GUOL.
  1017 | D:1      | 1017 ||| DROPPING scroll of butterflies.
  1209 | D:2      | Found a shimmering blue altar of Sif Muna.
  1410 | D:2      | Reached XP level 3. HP: 20/20 MP: 5/5
  1639 | D:2      | 1639 ||| UPGRADING to +0 ring mail.
  1649 | D:2      | 1649 ||| DROPPING +0 leather armour.
  1650 | D:2      | 1650 ||| READING 3 scrolls labelled ZIKIQU RAMO.
  1650 | D:2      | 1650 ||| IDENTIFYING puce potion
  1651 | D:2      | 1651 ||| READING 2 scrolls of identify.
  1651 | D:2      | 1651 ||| IDENTIFYING murky clear potion
  1652 | D:2      | 1652 ||| READING scroll of identify.
  1652 | D:2      | 1652 ||| IDENTIFYING lumpy puce potion
  1653 | D:2      | 1653 ||| READING scroll labelled ISUNAA JUMIMO.
  1654 | D:2      | 1654 ||| READING scroll labelled TARA RUSTROTURCH.
  1658 | D:2      | 1658 ||| READING scroll labelled JULOFU PEOCRASE.
  1759 | D:2      | 1759 ||| DRINKING 2 emerald potions.
  1795 | D:2      | 1795 ||| DROPPING potion of lignification.
  1861 | D:3      | Reached skill level 7 in Ranged Weapons
  1877 | D:3      | Reached XP level 4. HP: 10/25 MP: 6/6
  1970 | D:3      | 1970 ||| STAIRDANCE
  1978 | D:2      | HP: 6/25 [something (1)]
  1983 | D:2      | HP: 3/25 [something (2)]
  1990 | D:2      | HP: 4/25 [something (1)]
  1991 | D:2      | Killed from afar by an orc wizard

Levels and vault maps discovered:
D:1:      denvon_arrival_planthouse, layout_loops_corners, nrook_mini_backslash,
          chequers_serial_rivers_small_3, minmay_misc_feat_columns
D:2:      layout_loops_cross, basic_altar
D:3:      layout_basic, chei_slow_surprise, serial_shops, shop,
          grunt_decor_clamped, nicolae_elevator_lobby_asterisk, uniq_natasha

Skill      XL: |  1  2  3 |
---------------+----------+-----
Ranged Weapons | 6 7 |  7.6
Fighting       | |  1.5
Dodging        | |  2.4
Stealth        | |  1.2

Action                     |  1- 3 |  4- 6 || total
---------------------------+-------+-------++-------
   Fire: Shortbow          |   103 |    23 ||   126
    Use: Scroll            |     8 |       ||     8
         Potion            |     1 |       ||     1
 Armour: Leather armour    |     5 |       ||     5
         Ring mail         |    20 |    21 ||    41
  Dodge: Dodged            |    21 |       ||    21

Table legend:
 A = Non-vault XP
 B = Vault XP
 C = Vault XP percentage of total XP
 D = Non-vault monster count
 E = Vault monster count
 F = Vault count percentage of total count
                 A         B        C        D         E       F
            +---------+---------+-------+---------+---------+-------
      Total |     113 |       0 |   0.0 |      34 |       0 |   0.0
            +---------+---------+-------+---------+---------+-------
        D:1 |      34 |       0 |   0.0 |      19 |       0 |   0.0
        D:2 |      27 |       0 |   0.0 |       8 |       0 |   0.0
        D:3 |      52 |       0 |   0.0 |       7 |       0 |   0.0
            +---------+---------+-------+---------+---------+-------
